 Dungeon Crawl Stone Soup version 0.29.1-13-g9f3cf754e1 (webtiles) character file.

Game seed: 10854009705023477006

81 DemonSlayer the Digger (level 4, -7/30 HPs)
             Began as a Demonspawn Earth Elementalist on Feb 1, 2023.
             Killed by nerve-wracking pain
             ... invoked by an orc priest
              (11 damage)
             ... on level 2 of the Dungeon.
             The game lasted 00:06:11 (2662 turns).

DemonSlayer the Digger (DsEE)                       Turns: 2662, Time: 00:06:11

Health: -7/30      AC:  4    Str: 11    XL:     4   Next: 20%
Magic:  0/8        EV: 11    Int: 16    God:
Gold:   4          SH:  0    Dex: 13    Spells: 5/9 levels left

rFire   . . .      SeeInvis .   j - +0 trident
rCold   . . .      Faith    .   (no shield)
rNeg    . . .      Spirit   +   h - +0 leather armour
rPois   +          Reflect  .   (helmet restricted)
rElec   .          Harm     .   (no cloak)
rCorr   .          Rampage  .   (no gloves)
Will    .....                   l - +0 pair of boots
Stlth   ++........              d - amulet of guardian spirit
HPRegen 0.10/turn               f - ring of poison resistance
MPRegen 0.11/turn               (no ring)

@: mighty
A: antennae 1, weakness stinger 1
a: no special abilities


You were on level 2 of the Dungeon.
You visited 1 branch of the dungeon, and saw 3 of its levels.

You collected 60 gold pieces.
You spent 56 gold pieces at shops.

Inventory:

Hand Weapons
 i - a +0 short sword
 j - a +0 trident (weapon)
Armour
 h - a +0 leather armour (worn)
 l - a +0 pair of boots (worn)
 m - a +2 chain mail of willpower
Jewellery
 d - an amulet of guardian spirit (around neck)
 f - a ring of poison resistance (left hand)
Scrolls
 a - a scroll of summoning {unknown}
 b - 2 scrolls of blinking
 o - a scroll of noise {unknown}
Potions
 e - a potion of invisibility {unknown}
 g - a potion of might
 k - a potion of cancellation {unknown}
 n - a potion of brilliance


   Skills:
 + Level 0.1 Armour
 + Level 1.9 Dodging
 + Level 2.2 Stealth
 + Level 3.3 Spellcasting
 + Level 0.8 Transmutations
 + Level 3.4 Earth Magic


You had 5 spell levels left.
You knew the following spells:

 Your Spells              Type           Power      Damage    Failure   Level
a - Sandblast             Erth           26%        2d8       6%          1
b - Stone Arrow           Conj/Erth      16%        3d8       34%         3

Your spell library contained the following spells:

 Spells                   Type           Power      Damage    Failure   Level
 Passwall                 Tmut/Erth      7%         N/A       16%         2
 Poisonous Vapours        Pois/Air       4%         N/A       36%         2
 Petrify                  Tmut/Erth      9%         N/A       69%         4
 Corpse Rot               Necr/Pois/Air  2%         N/A       94%         4


Dungeon Overview and Level Annotations

Branches:
Dungeon (3/15)

Altars:

Shops:
D:2 *:(([


Innate Abilities, Weirdness & Mutations

You have a pair of small antennae on your head.
You have a small tail.


Message History

You start waiting.
Done waiting.
You start waiting.
Done waiting.
You start waiting.
Done waiting.
You climb downwards.
The orc closely misses you.
There is a stone staircase leading up here.
The blast of sand hits the orc!
You kill the orc!
The blast of sand hits the orc priest but does no damage.
The orc priest miscasts a cantrip.
The blast of sand hits the orc priest but does no damage.
The orc priest mumbles some strange prayers to Beogh against you.
Beogh smites you! The orc priest closely misses you.
The blast of sand hits the orc priest but does no damage.
The orc priest hits you with a +0 club.
You are too injured to fight recklessly!
You are too injured to fight recklessly!
You hit the orc priest but do no damage.
The orc priest hits you with a +0 club.
You hit the orc priest but do no damage.
The orc priest hits you with a +0 club. The orc priest closely misses you.
You puncture the orc priest!
The orc priest is heavily wounded.
The orc priest mumbles some strange prayers to Beogh against you.
You barely resist.
You hit the orc priest but do no damage.
The orc priest is heavily wounded.
The orc priest hits you with a +0 club.
You barely miss the orc priest.
The orc priest is heavily wounded.
The orc priest hits you with a +0 club.
* * * LOW HITPOINT WARNING * * *
The orc priest hits you with a +0 club.
* * * LOW HITPOINT WARNING * * *
You feel very mighty all of a sudden.
The orc priest invokes the aid of Beogh against you.
Pain shoots through your body!
You die...

#..>#
#.............#####..##
#..## #.............#
##..# ####
####.........## ##..
##.........##### ##.
###.P.......##..## #.
###.............P..# ##
##..♣.♣.........P♣P.##
#P.P♣♣Po......P..♣P♣.#
##PP♣...@>.P..P[.♣♣PPP#
##...♣.P.#).♣.♣PP..♣..##
#...♣♣.[.#..P♣♣♣.....##
#PP♣..P....PP♣P♣.#####
#.♣P..####.#.♣.....#
#...### #.##..###.#
##### #.[.......#
###########


You could see an orc priest.

Vanquished Creatures
  4 adders (D:2)
  A dart slug (D:1)
  An orc (D:2)
  6 endoplasms
  2 giant cockroaches
  6 goblins
  3 hobgoblins
  2 quokkas (D:2)
  4 ball pythons
  5 bats
  4 frilled lizards
  2 kobolds (D:1)
  3 rats
43 creatures vanquished.

Vanquished Creatures (others)
  3 plants (D:2)
3 creatures vanquished.

Grand Total: 46 creatures vanquished

Notes
Turn   | Place    | Note
-------+----------+-------------------------------------------
     0 | D:1      | DemonSlayer the Demonspawn Earth Elementalist began the
                  | quest for the Orb.
     0 | D:1      | Reached XP level 1. HP: 13/13 MP: 3/3
   191 | D:1      | Discovered your monstrous ancestry.
   191 | D:1      | Gained mutation: You have a small tail. [demonic ancestry]
   191 | D:1      | Reached XP level 2. HP: 19/19 MP: 3/5
   434 | D:1      | Found a faded altar of an unknown god.
  1204 | D:2      | Gained mutation: You have a pair of small antennae on your
                  | head. [demonic ancestry]
  1204 | D:2      | Reached XP level 3. HP: 24/24 MP: 2/7
  1261 | D:2      | Found Gidwu's Antique Weapon Emporium.
  1290 | D:2      | Found Famakh's Weapon Shop.
  1354 | D:2      | Found Jaexik's Antique Armour Emporium.
  1407 | D:2      | Learned a level 3 spell: Stone Arrow
  1685 | D:2      | Reached XP level 4. HP: 24/30 MP: 4/8
  1973 | D:2      | Found Geumuf's General Store.
  1973 | D:2      | Found Boruequf's Book Shoppe.
  1976 | D:2      | Bought a scroll of fear for 56 gold pieces
  2064 | D:2      | HP: 1/30 [orc priest/+0 club (2)]
  2662 | D:2      | Killed from afar by an orc priest

Illustrated notes

Levels and vault maps discovered:
D:1:      dpeg_arrival_tiny_j, layout_basic,
          hellmonk_ecumenical_altar_heavens_door
D:2:      layout_rooms, serial_shops, nicolae_shop_trees, nicolae_shop_trees,
          shop, shop_statue, shop, serial_forest, infiniplex_forest_zigzag_1,
          infiniplex_forest_clump_diagonal, infiniplex_forest_clump_double,
          infiniplex_forest_straight_2, infiniplex_forest_end_2,
          infiniplex_forest_clump_medium, infiniplex_forest_clump_medium,
          infiniplex_forest_clump_diagonal
D:3:      layout_loops_cross, nicolae_overflow_crystal_walls, minmay_ruptured

Skill      XL: |  1  2  3 |
---------------+----------+-----
Earth Magic    | 3 |  3.4
Spellcasting   | 3 |  3.3
Stealth        | 2 |  2.2
Armour         | |  0.1
Dodging        | |  1.9
Transmutations | |  0.8

Action                   |  1- 3 |  4- 6 || total
-------------------------+-------+-------++-------
Melee: Trident           |     9 |     5 ||    14
       Short sword       |     1 |       ||     1
       Tailslap          |     1 |       ||     1
 Cast: Sandblast         |    54 |    11 ||    65
  Use: Potion            |     1 |     1 ||     2
       Scroll            |       |     4 ||     4
 Stab: Sleeping          |     1 |       ||     1
Armor: Robe              |     2 |       ||     2
       Leather armour    |     6 |     1 ||     7
Dodge: Dodged            |    17 |    10 ||    27
